 Dungeon Crawl Stone Soup version 0.19-a0-1714-gcab94ab (webtiles) character file.

13034 kae the Carver (level 12, -1/100 HPs)
             Began as a Formicid Fighter on Sept 28, 2016.
             Was an Elder of Qazlal.
             Slain by Snorg (9 damage)
             ... on level 10 of the Dungeon.
             The game lasted 00:17:35 (13829 turns).

kae the Carver (Formicid Fighter)                  Turns: 13829, Time: 00:17:36

Health: -1/100     AC: 15    Str: 27    XL:     12   Next: 27%
Magic:  14/14      EV:  8    Int:  7    God:    Qazlal [****..]
Gold:   631        SH: 13    Dex: 10    Spells: 0 memorised, 11 levels left

rFire  . . .     SeeInvis +     a - +1 long sword (elec)
rCold  + + .     Gourm    +     x - +0 chain mail {rC+}
rNeg   . . .     Faith    .     L - +2 buckler
rPois  .         Spirit   .     (helmet unavailable)
rElec  .         Dismiss  .     u - +2 cloak
rCorr  .         Reflect  .     P - +0 pair of gloves
MR     +....     Harm     .     H - +0 pair of boots
Stlth  ..........               w - amulet of the gourmand
                                (no ring)
                                D - ring of protection from cold

@: repel missiles, drained
A: permanent stasis, dig shafts and tunnels, four strong arms, antennae 3
a: Dig, Shaft Self, Upheaval, Elemental Force, Renounce Religion


You were on level 10 of the Dungeon.
You worshipped Qazlal.
Qazlal was greatly pleased with you.
You were full.

You visited 4 branches of the dungeon, and saw 14 of its levels.

You collected 631 gold pieces.

Inventory:

Hand Weapons
 a - a +1 long sword of electrocution (weapon)
 b - the +3 sling "Punk" {acid, rCorr}
   (You found it on level 5 of the Dungeon)

   It protects you from acid and corrosion.
Missiles
 I - 204 stones (quivered)
Armour
 c - a +0 shield
 u - a +2 cloak (worn)
 x - a +0 chain mail of cold resistance (worn)
 H - a +0 pair of boots (worn)
 L - a +2 buckler (worn)
 P - a +0 pair of gloves (worn)
Jewellery
 w - an amulet of the gourmand (around neck)
 D - a ring of protection from cold (left hand)
Wands
 h - a wand of disintegration (18/24)
 t - a wand of lightning (10/15)
 B - a wand of disintegration (7/24)
 C - a wand of flame (24/48)
 E - a wand of iceblast (6/15)
 N - a wand of paralysis (9/24)
 Q - a wand of slowing (21/48)
Scrolls
 e - 3 scrolls of remove curse
 i - 5 scrolls of magic mapping
 j - 2 scrolls of recharging
 A - 2 scrolls of enchant weapon
Potions
 d - 2 potions of might
 n - 2 potions of cure mutation {unknown}
 o - a potion of ambrosia {unknown}
 p - 2 potions of lignification
 q - 2 potions of magic
 r - 4 potions of brilliance
 s - 4 potions of curing
 v - 3 potions of invisibility
 z - 3 potions of agility
 G - 2 potions of flight {unknown}
 J - a potion of mutation {unknown}
 K - a potion of haste {unknown}
 M - a potion of degeneration {unknown}
Books
 F - a book of Burglary

   Spells                             Type                      Level
   a - Swiftness                      Charms/Air                   2
   b - Passwall                       Transmutation/Earth          2
   c - Passage of Golubria            Translocation                4
   d - Lee's Rapid Deconstruction     Earth                        5
   e - Darkness                       Hexes                        6
   f - Invisibility                   Hexes                        6
Comestibles
 f - 7 bread rations
 g - 9 meat rations
 k - 10 beef jerkies
 l - 5 slices of pizza
 m - 13 fruits


   Skills:
 + Level 11.0(10.4) Fighting
 * Level 14.5(13.9) Long Blades
 - Level 3.2(2.8) Armour
 + Level 7.3(6.8) Shields
 + Level 3.9(3.4) Invocations


You had 11 spell levels left.
You didn't know any spells.

Dungeon Overview and Level Annotations

Branches:
Dungeon (11/15)            Temple (1/1) D:5            Lair (1/6) D:10
    Orc (1/2) D:10

Altars:
Ashenzari
Cheibriados
Dithmenos
Elyvilon
Fedhas
Gozag
Hepliaklqana
Kikubaaqudgha
Makhleb
Nemelex Xobeh
Okawaru
Qazlal
Ru
Sif Muna
Trog
Uskayaw
Vehumet
Xom
Yredelemnul
Zin
The Shining One

Annotations:
D:9 exclusion: ice statue
D:10 Snorg


Innate Abilities, Weirdness & Mutations

You are under a permanent stasis effect.
You can dig through walls and to a lower floor.
Your four strong arms can wield two-handed weapons with a shield.
You have a pair of large antennae on your head. (SInv)


Message History

* * * LOW HITPOINT WARNING * * *
You are too injured to fight recklessly!
You are too injured to fight recklessly!
You slash Snorg!
There is a sudden explosion of sparks!
Snorg is severely wounded.
Snorg is engulfed in roaring flames.
Snorg barely misses you.
You riposte.
You completely miss Snorg.
Snorg is severely wounded.
You block Snorg's attack. Snorg claws you.
* * * LOW HITPOINT WARNING * * *
You feel much better.
Snorg is engulfed in roaring flames.
You block Snorg's attack. Snorg claws you. Snorg claws you but does no damage.
You closely miss Snorg.
Snorg is almost dead.
You block Snorg's attack. x2; Snorg claws you!
* * * LOW HITPOINT WARNING * * *
Snorg bites you!
* * * LOW HITPOINT WARNING * * *
Snorg claws you!
You die...

.....# #.##########.#
..##.# #..........#.#
.....#######..#######.#.#
..........#...## #.#.#
.PP..###.......######.#.#
...PP.##..#.[.###>......#
#.....##..##..# #.###.###
#......#..##..###.# #.#
[.......T...[.§.@.###.#
#.....##.###...§T.....#
P.P.P.##.###..#########
.P...###...[..# .....#
#####[## ....## #.# ..###
#.# ########### ###
#.####.........# #
##).........###.#


You could see Snorg (berserk).

Vanquished Creatures
  A hydra (Lair:1)
  The ghost of UnlimitedFusion the Fighter, a novice DgFi (D:10)
  A hill giant (D:10)
  An ugly thing (D:11)
  A centaur skeleton (D:11)
  2 komodo dragons
  A two-headed ogre (D:9)
  A hippogriff (D:8)
  2 wraiths
  A wyvern (D:9)
  A shadow (D:11)
  13 yaks
  A vampire (D:11)
  2 hungry ghosts
  A steam dragon (D:9)
  A warg (Orc:1)
  Duvessa (D:6)
  A porcupine (Lair:1)
  A water moccasin (Lair:1)
  4 orc warriors
  An ice beast (D:8)
  3 black bears
  An eye of draining (D:10)
  4 sky beasts
  A phantom (D:5)
  A necrophage (D:11)
  6 ogres
  11 centaurs
  A big kobold (D:9)
  8 bullfrogs
  2 wyvern skeletons
  Dowan (D:6)
  3 scorpions
  10 killer bees
  4 wights (D:11)
  2 howler monkeys
  5 crimson imps
  8 hounds
  4 jellies
  A bullfrog skeleton (D:7)
  12 orc priests
  A gnoll shaman (D:6)
  9 orc wizards
  6 worker ants
  4 iguanas
  A hound skeleton (D:9)
  A worker ant zombie (D:6)
  6 gnolls
  17 adders
  6 river rats (D:10)
  4 shadow imps
  3 oozes
  An adder zombie (D:6)
  2 adder skeletons
  2 worms
  A dart slug (D:3)
  9 leopard geckos
  50 orcs
  5 giant cockroaches
  4 goblins
  5 hobgoblins
  10 jackals
  10 quokkas
  3 ball pythons
  17 bats
  6 frilled lizards
  A jackal skeleton (D:5)
  3 kobolds (D:1)
  A leopard gecko zombie (D:6)
  A quokka zombie (D:8)
  14 rats
  7 fungi
  3 plants (D:10)
340 creatures vanquished.

Vanquished Creatures (others)
  12 fungi
  A plant (Lair:1)
13 creatures vanquished.

Grand Total: 353 creatures vanquished

Notes
Turn   | Place    | Note
-------+----------+-------------------------------------------
     0 | D:1      | kae the Formicid Fighter began the quest for the Orb.
     0 | D:1      | Reached XP level 1. HP: 18/18 MP: 1/1
   261 | D:1      | Reached XP level 2. HP: 24/24 MP: 2/2
   364 | D:1      | Reached skill level 3 in Long Blades
   861 | D:2      | Found an ancient bone altar of Kikubaaqudgha.
   919 | D:2      | Reached XP level 3. HP: 23/29 MP: 3/3
  1030 | D:2      | Reached skill level 4 in Long Blades
  1030 | D:2      | Reached XP level 4. HP: 19/35 MP: 4/4
  1735 | D:3      | Reached XP level 5. HP: 40/41 MP: 5/5
  1834 | D:3      | Reached skill level 5 in Long Blades
  2749 | D:4      | Reached XP level 6. HP: 37/47 MP: 6/6
  2753 | D:4      | Reached skill level 6 in Long Blades
  2885 | D:4      | Found a white marble altar of Elyvilon.
  3032 | D:4      | Found a shadowy altar of Dithmenos.
  3227 | D:4      | Found a sparkling altar of Nemelex Xobeh.
  3526 | D:4      | Reached skill level 7 in Long Blades
  3526 | D:4      | Reached XP level 7. HP: 28/52 MP: 7/7
  3740 | D:5      | Entered Level 5 of the Dungeon
  4108 | D:5      | Found a staircase to the Ecumenical Temple.
  4150 | Temple   | Entered the Ecumenical Temple
  4246 | Temple   | Became a worshipper of Qazlal Stormbringer
  4321 | D:5      | Found a glowing silver altar of Zin.
  4389 | D:5      | Reached skill level 8 in Long Blades
  4389 | D:5      | Reached XP level 8. HP: 61/61 MP: 8/8
  4764 | D:6      | Noticed Duvessa
  4766 | D:6      | Noticed Dowan
  4799 | D:6      | Killed Duvessa
  4799 | D:6      | Reached skill level 5 in Fighting
  4814 | D:6      | Killed Dowan
  5128 | D:6      | Reached skill level 9 in Long Blades
  5555 | D:6      | Found a deep blue altar of Sif Muna.
  5603 | D:6      | Found a sacrificial altar of Ru.
  5642 | D:6      | Reached XP level 9. HP: 62/69 MP: 9/9
  5647 | D:6      | Reached * piety under Qazlal
  6085 | D:6      | Reached skill level 10 in Long Blades
  6368 | D:7      | Found a shimmering altar of Xom.
  6370 | D:7      | Found a shimmering altar of Xom.
  6371 | D:7      | Noticed a wind drake
  6372 | D:7      | Found a shimmering altar of Xom.
  6372 | D:7      | Found a shimmering altar of Xom.
  6372 | D:7      | Found a shimmering altar of Xom.
  6372 | D:7      | Found a shimmering altar of Xom.
  6372 | D:7      | Found a shimmering altar of Xom.
  6373 | D:7      | Found a shimmering altar of Xom.
  6557 | D:7      | Found a burning altar of Makhleb.
  6603 | D:7      | Reached ** piety under Qazlal
  6702 | D:7      | Found a bloodstained altar of Trog.
  7200 | D:8      | Reached skill level 11 in Long Blades
  7340 | D:8      | Noticed a hippogriff
  7348 | D:8      | Killed a hippogriff
  7481 | D:8      | Found an opulent altar of Gozag.
  7546 | D:8      | Reached XP level 10. HP: 80/80 MP: 10/10
  7992 | D:8      | Reached skill level 12 in Long Blades
  8055 | D:9      | Reached *** piety under Qazlal
  8520 | D:9      | Noticed an ice statue
  9526 | D:9      | Reached skill level 13 in Long Blades
  9683 | D:10     | Entered Level 10 of the Dungeon
  9683 | D:10     | Noticed UnlimitedFusion's ghost (novice DgFi)
  9987 | D:10     | Killed UnlimitedFusion's ghost
  9987 | D:10     | Reached XP level 11. HP: 38/89 MP: 11/11
 10127 | D:10     | Reached **** piety under Qazlal
 10309 | D:10     | Noticed a hill giant
 10324 | D:10     | Killed a hill giant
 10324 | D:10     | Reached skill level 5 in Shields
 10616 | D:10     | Found a staircase to the Orcish Mines.
 10648 | D:10     | Reached skill level 10 in Fighting
 11092 | D:10     | Reached ***** piety under Qazlal
 11267 | D:10     | Found a staircase to the Lair.
 11618 | D:11     | Reached skill level 14 in Long Blades
 11666 | D:11     | Noticed a hill giant
 12008 | D:11     | Noticed a brown ugly thing
 12019 | D:11     | Killed a brown ugly thing
 12091 | D:11     | Reached skill level 1 in Invocations
 13107 | Lair:1   | Entered Level 1 of the Lair of Beasts
 13117 | Lair:1   | Noticed a seven-headed hydra
 13130 | Lair:1   | Killed a 14-headed hydra
 13130 | Lair:1   | Reached XP level 12. HP: 73/99 MP: 5/14
 13493 | Lair:1   | Noticed an eight-headed hydra
 13801 | Orc:1    | Entered Level 1 of the Orcish Mines
 13807 | Orc:1    | Noticed Snorg
 13827 | D:10     | HP: 5/100 [Snorg (5)]
 13829 | D:10     | Slain by Snorg

Vault maps used:
D:1:      minmay_arrival_shattered_statue
D:2:      overflow_temple_1_default
D:3:      kennysheep_generic_room_3
D:4:      lemuel_coloured_pillars_altar, nicolae_overflow_hidden_temple,
          grunt_dithmenos_shadows, first_bread
D:5:      zin_scriptorium
D:6:      nicolae_ru_the_path_less_chosen, basic_altar, uniq_duvessa
D:7:      trog_ov_bears_minmay, overflow_temple_1_default, xom_shifter_show
D:8:      lemuel_round_altar
D:9:      grunt_ogre_cave, minivault_5, minmay_misc_feat_tiny,
          minmay_statue_bubble
D:10:     grunt_lair_entry_orc_guard_hut, orc_0_dummy, serial_bayou_pond_b
D:11:     minivault_11
Temple:   nicolae_temple_hex_pool
Lair:1:   enter_volcano_1
Orc:1:    serial_shops, nicolae_shop_competitors_out_of_business, uniq_snorg

Skill      XL: |  1  2  3  4  5  6  7  8  9 10 11 12 |
---------------+-------------------------------------+-----
Long Blades    | 3 4 5 7 8 9 11 13 14 | 14.5
Fighting       | 4 5 7 9 10 11 | 11.0
Shields        | 4 6 7 |  7.3
Invocations    | 2 3 |  3.9
Armour         | |  3.2

Action                   |  1- 3 |  4- 6 |  7- 9 | 10-12 || total
-------------------------+-------+-------+-------+-------++-------
Melee: Long sword        |   116 |   218 |   427 |   787 ||  1548
Invok: Upheaval          |       |       |       |     5 ||     5
 Abil: Dig               |       |       |     3 |     6 ||     9
  Use: Scroll            |       |     6 |     8 |     5 ||    19
       Potion            |       |     1 |     5 |     2 ||     8
  Eat: Chunk             |     1 |     8 |    25 |    27 ||    61
Armor: Scale mail        |    53 |    65 |     9 |       ||   127
       Chain mail        |       |       |   134 |   189 ||   323
       Skin              |       |       |       |    38 ||    38
Dodge: Dodged            |    35 |    63 |    83 |   132 ||   313
       Deflected         |       |       |       |     3 ||     3
Block: Shield            |    63 |   104 |   176 |   105 ||   448
       Buckler           |       |       |       |   228 ||   228
